 Dungeon Crawl Stone Soup version 0.30-a0-620-g0e44632947 (webtiles) character file.

Game seed: 6864103487613812591

38 Essalna the Gusty (level 3, -3/20 HPs)
             Began as a Tengu Air Elementalist on Jan 10, 2023.
             Slain by Crazy Yiuf
             ... wielding a +4 quarterstaff of chaos
              (7 damage)
             ... on level 2 of the Dungeon.
             The game lasted 00:04:02 (1874 turns).

Essalna the Gusty (Tengu Air Elementalist)          Turns: 1874, Time: 00:04:03

Health: -3/20      AC:  3    Str:  8    XL:     3   Next: 43%
Magic:  3/7        EV: 17    Int: 17    God:
Gold:   89         SH:  0    Dex: 14    Spells: 3/6 levels left

rFire   . . .      SeeInvis .    (no weapon)
rCold   . . .      Faith    .    (no shield)
rNeg    . . .      Spirit   .    a - +0 robe
rPois   .          Reflect  .    (helmet restricted)
rElec   .          Harm     .    (no cloak)
rCorr   .          Rampage  .    e - +0 pair of gloves
Will    .....                    (boots unavailable)
Stlth   ++                       (no amulet)
HPRegen 0.23/turn                h - +5 ring of evasion
MPRegen 0.10/turn                (no ring)

@: no status effects
A: beak, talons 3
a: no special abilities


You were on level 2 of the Dungeon.
You visited 1 branch of the dungeon, and saw 2 of its levels.

You collected 89 gold pieces.

Inventory:

Missiles
 f - a throwing net
Armour
 a - a +0 robe (worn)
 e - a +0 pair of gloves (worn)
Jewellery
 h - a +5 ring of evasion (left hand)
Scrolls
 c - a scroll of identify {unknown}
 d - 3 scrolls of fear {unknown}
 k - a scroll of fog {unknown}
 l - a scroll of amnesia {unknown}
 m - a scroll of immolation {unknown}
 o - a scroll of enchant weapon {unknown}
Potions
 b - a potion of magic
 g - a potion of heal wounds {unknown}
 i - a potion of haste {unknown}
 j - a potion of curing {unknown}
 n - a potion of resistance {unknown}


   Skills:
 + Level 1.4 Fighting
 - Level 2.1 Dodging
 - Level 2.0 Stealth
 - Level 2.0 Spellcasting
 + Level 2.7 Conjurations
 + Level 4.7 Air Magic


You had 3 spell levels left.
You knew the following spells:

 Your Spells              Type           Power      Damage    Failure   Level
a - Shock                 Conj/Air       56%        1d6       4%          1
b - Static Discharge      Conj/Air       28%        2-4/arc   6%          2

Your spell library contained the following spells:

 Spells                   Type           Power      Damage    Failure   Level
 Swiftness                Air            17%        N/A       9%          3
 Airstrike                Air            8%         2d(2-18)  28%         4


Dungeon Overview and Level Annotations

Branches:
Dungeon (2/15)

Altars:

Annotations:
D:2 Crazy Yiuf, Robin


Innate Abilities, Weirdness & Mutations

You have a beak for a mouth.
You have claws for feet.


Message History

You see here a +0 hammer.
You see here a +2 heavy hammer.
Found two hammers and a glowing hammer.
Jessica shouts!
You see here a +0 hammer.
Okay, then.
You open the door.
Casting: Shock (safe; 4% risk of failure)
Confirm with . or Enter, or press ? or * to list all spells.
Crazy Yiuf is struck by an arc of lightning.
Crazy Yiuf is moderately wounded.
Jessica is struck by an arc of lightning.
Jessica is heavily wounded.
Crazy Yiuf is struck by an arc of lightning.
Crazy Yiuf is heavily wounded.
The lightning grounds out.
Crazy Yiuf hits you with a +4 quarterstaff of chaos!
Ouch! That really hurt!
* * * LOW HITPOINT WARNING * * *
Crazy Yiuf draws strength from your wounds!
Jessica gestures wildly while chanting.
Jessica blinks!
Casting: Static Discharge (safe; 6% risk of failure)
Confirm with . or Enter, or press ? or * to list all spells.
Jessica is struck by an arc of lightning.
Jessica is severely wounded.
You are struck by an arc of lightning.
* * * LOW HITPOINT WARNING * * *
Jessica is struck by an arc of lightning.
Jessica is almost dead.
The lightning grounds out.
Crazy Yiuf is struck by an arc of lightning.
Crazy Yiuf is moderately wounded.
You are struck by an arc of lightning.
* * * LOW HITPOINT WARNING * * *
Jessica is struck by an arc of lightning.
You kill Jessica!
The lightning grounds out.
Crazy Yiuf hits you with a +4 quarterstaff of chaos!
You die...

#### #... #.##
#.# ###♣♣♣♣♣ #.#
##...)♣)♣♣♣ ###
#.#
##.....)♣))♣#)))#
#.#
#......♣♣♣♣@g§).#
#.# #.....♣♣
♣♣#)))# #.##
#.###♣♣ ### #...
#.## #######.##
#..# #.......##
##.## #######...
#..### ###
####### ##...#
#.. ....... ###.#
#.# #######


You could see Crazy Yiuf.

Vanquished Creatures
  Jessica (D:2)
  2 worms (D:2)
  A dart slug (D:1)
  A ball python (D:2)
  4 endoplasms
  8 goblins
  4 hobgoblins (D:2)
  A kobold (D:2)
  3 quokkas (D:2)
  A frilled lizard (D:1)
  2 rats
28 creatures vanquished.

Notes
Turn   | Place    | Note
-------+----------+-------------------------------------------
     0 | D:1      | Essalna the Tengu Air Elementalist began the quest for the
                  | Orb.
     0 | D:1      | Reached XP level 1. HP: 10/10 MP: 4/4
    59 | D:2      | Found a faded altar of an unknown god.
   314 | D:1      | Reached XP level 2. HP: 16/16 MP: 4/6
   940 | D:2      | Reached skill level 1 in Fighting
   943 | D:2      | Learned a level 2 spell: Static Discharge
  1121 | D:2      | Noticed Robin
  1132 | D:2      | Reached XP level 3. HP: 20/20 MP: 0/7
  1868 | D:2      | Found a runed translucent door.
  1869 | D:2      | Noticed Crazy Yiuf
  1871 | D:2      | Noticed Jessica
  1874 | D:2      | Killed Jessica
  1874 | D:2      | Slain by Crazy Yiuf

Illustrated notes

Levels and vault maps discovered:
D:1:      wander_arrival_desolate, layout_basic, minmay_octomino_e4
D:2:      layout_loops_ring, nicolae_ecumenical_oubliette,
          uniq_crazy_yiuf_cottage, uniq_robin, uniq_jessica

Skill      XL: |  1  2 |
---------------+-------+-----
Conjurations   | 2 |  2.7
Fighting       | 1 |  1.4
Dodging        | |  2.1
Stealth        | |  2.0
Spellcasting   | |  2.0
Air Magic      | |  4.7

Action                   || total
-------------------------++-------
Melee: Unarmed           ||    26
       Kick              ||     9
       Peck              ||     3
 Cast: Shock             ||    63
       Static Discharge  ||     2
Armor: Robe              ||     1
Dodge: Dodged            ||    24

Table legend: (Time is in decaauts)
 A = Elapsed time spent in this place.
 B = Non-inter-level travel time spent in this place.
 C = Inter-level travel time spent in this place.
 D = Time resting spent in this place.
 E = Time spent auto-exploring this place.
 F = Levels seen in this place.
 G = Mean time per level.
                   A        B        C        D        E       F      G
               +--------+--------+--------+--------+--------+-----+--------+
         Total |   1876 |   1788 |     88 |    110 |   1431 |   2 |  938.0 |
       Dungeon |   1876 |   1788 |     88 |    110 |   1431 |   2 |  938.0 |
               +--------+--------+--------+--------+--------+-----+--------+

Top non-repeatable levels by time:
     D:2: 1060 daAuts
     D:1: 816 daAuts
